 Dungeon Crawl Stone Soup version 0.20.1-1-g8b1a95d (webtiles) character file.

1082 Golfball the Skirmisher (level 8, -7/51 HPs)
             Began as a Gargoyle Fighter on Sept 14, 2017.
             Was an Initiate of Gozag.
             Killed by divine providence
             ... invoked by an orc priest
              (15 damage)
             ... on level 5 of the Dungeon.
             The game lasted 00:18:44 (4911 turns).

Golfball the Skirmisher (Gargoyle Fighter)          Turns: 4911, Time: 00:18:45

Health: -7/51      AC: 16    Str: 20    XL:     8   Next: 30%
Magic:  10/10      EV:  8    Int:  9    God:    Gozag
Gold:   497        SH: 16    Dex: 11    Spells: 7/7 levels left

rFire    + . .     SeeInvis .   a - +1 flail
rCold    . . .     Gourm    .   c - +1 shield
rNeg     + . .     Faith    .   b - +0 scale mail
rPois    ∞         Spirit   .   (no helmet)
rElec    +         Reflect  +   (no cloak)
rCorr    .         Harm     .   (no gloves)
MR       .....                  v - +1 pair of boots
Stlth    ..........             y - +6 amulet of reflection
Regen    0.2/turn               l - +2 ring of protection
MPRegen  0.2/turn               x - ring of protection from fire

@: gold aura
A: negative energy resistance 1, electricity resistance, unbreathing,
petrification resistance, rot immunity, AC +5
a: Potion Petition, Call Merchant, Bribe Branch, Renounce Religion


You were on level 5 of the Dungeon.
You worshipped Gozag.
Gozag was aware of your devotion.
You were not hungry.

You visited 1 branch of the dungeon, and saw 5 of its levels.

You collected 685 gold pieces.
You paid 188 gold pieces to Gozag.

Inventory:

Hand Weapons
 a - a +1 flail (weapon)
Missiles
 s - 4 poisoned javelins (quivered)
Armour
 b - a +0 scale mail (worn)
 c - a +1 shield (worn)
 i - a +0 chain mail
 v - a +1 pair of boots (worn)
Jewellery
 l - a +2 ring of protection (left hand)
 u - an uncursed ring of positive energy
 x - a ring of protection from fire (right hand)
 y - a +6 amulet of reflection (around neck)
Wands
 m - a wand of lightning (4/15)
Scrolls
 g - a scroll of enchant weapon
 t - a scroll of blinking
Potions
 d - a potion of might
 e - 2 potions of curing
 h - a potion of brilliance {unknown}
 j - 2 potions of haste
 k - a potion of lignification {unknown}
 n - 2 potions of agility
 o - 2 potions of resistance {unknown}
 q - a potion of magic {unknown}
 r - a potion of mutation {unknown}
Comestibles
 f - 4 bread rations
 p - 3 royal jellies


   Skills:
 + Level 6.2 Fighting
 + Level 5.4 Maces & Flails
 - Level 2.1 Throwing
 + Level 5.1 Armour
 - Level 1.0 Dodging
 - Level 0.2 Stealth
 - Level 4.0 Shields
 + Level 2.9 Evocations


You had 7 spell levels left.
You didn't know any spells.

Dungeon Overview and Level Annotations

Branches:
Dungeon (5/15)
 Temple: D:4-7

Altars:
Dithmenos
Fedhas
Gozag
Qazlal
Yredelemnul
Zin

Shops:
D:5 *


Innate Abilities, Weirdness & Mutations

You are resistant to torment.
Your stone body is resilient. (AC +5)
You are immune to poison.
You resist negative energy. (rN+)
You are resistant to electric shocks. (rElec)
You can survive without breathing.
You are immune to petrification.
You are immune to rotting.


Message History

Beogh smites you!
* * * LOW HITPOINT WARNING * * *
You block the adder's attack.
You miss the adder.
The adder is moderately wounded.
You block the adder's attack. x2
You hit the adder.
The adder is heavily wounded.
You block the adder's attack. The adder bites you but does no damage.
You sock the adder!
You kill the adder!
You thump the orc!
You kill the orc!
You thump the orc priest!
The orc priest is severely wounded.
The orc priest calls down the wrath of Beogh upon you.
Beogh smites you!
You die...
Your body crumbles into a pile of gold.

....'...)........o....##.##.#.#.#
#.#.#...########o##...##.........
....#...# #..o...##.##..#...
#.#<#...# #..#...)..##(##≈≈≈
#.....### ###..#.#######.##≈#≈
..#...# #o.......########≈≈≈
#.'...# #.#.............#≈≈≈
..#...########'####..........#≈#≈
#.#...##.......o@##..........#
#.#...##.........##..........#
..######.........##..........#
### #.........##..........#
###### #.........##..........#
#....# #.........##..........#
#.#### #.........##..........#
#.# #............####+##### ..#
###'####'###.##.....######


You could see an orc priest.

Vanquished Creatures
  An orc warrior (D:4)
  2 phantoms
  An ice beast (D:5)
  A sky beast (D:5)
  An ogre (D:5)
  A hound (D:5)
  4 orc wizards
  A gnoll shaman (D:5)
  3 worker ants
  10 gnolls
  A howler monkey skeleton (D:5)
  9 adders
  An ooze (D:3)
  2 adder skeletons
  A worm (D:2)
  4 dart slugs
  9 leopard geckos
  11 orcs
  2 ball pythons
  3 giant cockroaches
  11 goblins
  13 hobgoblins
  10 jackals
  6 kobolds
  A quokka (D:4)
  7 bats
  4 frilled lizards
  5 rats
125 creatures vanquished.

Notes
Turn   | Place    | Note
-------+----------+-------------------------------------------
     0 | D:1      | Golfball the Gargoyle Fighter began the quest for the Orb.
     0 | D:1      | Reached XP level 1. HP: 14/14 MP: 1/1
    89 | D:1      | Reached XP level 2. HP: 20/20 MP: 2/2
   286 | D:1      | Reached XP level 3. HP: 18/24 MP: 3/3
   612 | D:1      | Reached skill level 4 in Fighting
   728 | D:2      | Reached skill level 1 in Dodging
   733 | D:2      | Reached XP level 4. HP: 20/29 MP: 4/4
  1093 | D:2      | Found a stormy altar of Qazlal.
  1107 | D:2      | Found a shadowy altar of Dithmenos.
  1303 | D:2      | Reached XP level 5. HP: 33/33 MP: 5/5
  1444 | D:2      | Found an opulent altar of Gozag.
  1470 | D:2      | Became a worshipper of Gozag Ym Sagoz the Greedy
  1933 | D:3      | Found a basalt altar of Yredelemnul.
  2527 | D:3      | Reached XP level 6. HP: 37/39 MP: 6/6
  2813 | D:4      | Noticed a phantom
  2846 | D:4      | Killed a phantom
  2846 | D:4      | Reached skill level 5 in Fighting
  2846 | D:4      | Reached skill level 1 in Throwing
  3059 | D:4      | Found a blossoming altar of Fedhas.
  3110 | D:4      | Noticed an orc warrior
  3146 | D:4      | Killed an orc warrior
  3146 | D:4      | Reached XP level 7. HP: 11/44 MP: 7/7
  3152 | D:4      | Reached skill level 1 in Evocations
  3740 | D:5      | Entered Level 5 of the Dungeon
  4001 | D:5      | Found Zin's Purification Station.
  4004 | D:5      | Found a glowing silver altar of Zin.
  4083 | D:5      | Reached skill level 5 in Maces & Flails
  4147 | D:5      | Reached XP level 8. HP: 45/51 MP: 9/9
  4235 | D:5      | Reached skill level 6 in Fighting
  4450 | D:5      | Reached skill level 5 in Armour
  4911 | D:5      | Killed from afar by an orc priest

Skill      XL: |  1  2  3  4  5  6  7  8 |
---------------+-------------------------+-----
Fighting       | 4 5 6 |  6.2
Maces & Flails | 3 4 5 |  5.4
Dodging        | 1 |  1.0
Armour         | 4 5 |  5.1
Throwing       | 1 2 |  2.1
Shields        | 4 |  4.0
Evocations     | 2 |  2.9
Stealth        | |  0.2

Action                   |  1- 3 |  4- 6 |  7- 9 || total
-------------------------+-------+-------+-------++-------
Melee: Flail             |   134 |   213 |   212 ||   559
Invok: Potion Petition   |       |     1 |     1 ||     2
  Use: Scroll            |       |    13 |     2 ||    15
       Potion            |       |     1 |       ||     1
 Stab: Distracted        |       |     1 |       ||     1
       Invisible         |       |     2 |     1 ||     3
  Eat: Chunk             |       |     3 |       ||     3
       Fruit             |       |     1 |     3 ||     4
       Meat ration       |       |     1 |     1 ||     2
Armor: Scale mail        |    85 |   108 |    84 ||   277
Dodge: Dodged            |    48 |    70 |    52 ||   170
Block: Shield            |    78 |    90 |   138 ||   306
       Reflection        |       |       |     1 ||     1
